 Dungeon Crawl Stone Soup version 0.27.1-34-g3ba077fa99 (webtiles) character file.

Game seed: 5931125639767595498

287 cbfl8 the Sneak (level 6, -5/53 HPs)
             Began as a Minotaur Delver on Jan 16, 2022.
             Was an Initiate of Yredelemnul.
             Slain by an air elemental (6 damage)
             ... created by the adversity of Qazlal
             ... on level 5 of the Dungeon.
             The game lasted 00:14:21 (4948 turns).

cbfl8 the Sneak (Minotaur Delver)                   Turns: 4948, Time: 00:14:22

Health: -5/53      AC:  0    Str: 17    XL:     6   Next: 8%
Magic:  5/5        EV: 16    Int:  9    God:    Yredelemnul [......]
Gold:   233        SH:  0    Dex: 11    Spells: 1/5 levels left

rFire    . . .     SeeInvis .   l - +4 war axe
rCold    . . .     Faith    .   (no shield)
rNeg     . . .     Spirit   .   (no armour)
rPois    .         Reflect  .   (helmet restricted)
rElec    .         Harm     .   (no cloak)
rCorr    .         Rampage  .   (no gloves)
Will     .....                  (no boots)
Stlth    +++.......             (no amulet)
HPRegen  0.17/turn              j - +4 ring of evasion
MPRegen  0.09/turn              (no ring)

@: no status effects
A: horns 2, retaliatory headbutt
a: Renounce Religion


You were on level 5 of the Dungeon.
You worshipped Yredelemnul.
Yredelemnul was noncommittal.
You visited 2 branches of the dungeon, and saw 6 of its levels.

You collected 233 gold pieces.

Inventory:

Hand Weapons
 a - a +0 hand axe
 l - a +4 war axe (weapon)
 x - a +1 vorpal flail
 y - a +2 vampiric spear
Armour
 b - a +0 leather armour
 h - a +0 helmet
 i - a +0 scale mail
Jewellery
 j - a +4 ring of evasion (left hand)
Wands
 g - a wand of digging (1)
 p - a wand of iceblast (15)
 r - a wand of acid (8)
Scrolls
 c - a scroll of fog
 d - 2 scrolls of magic mapping
 e - a scroll of fear
 m - a scroll of blinking {unknown}
 s - 2 scrolls of immolation
 t - 2 scrolls of identify {unknown}
 v - a scroll of enchant weapon
Potions
 f - a potion of haste
 k - a potion of flight {unknown}
 n - a potion of magic {unknown}
 o - 2 potions of ambrosia {unknown}
 q - a potion of might {unknown}
 u - 3 potions of curing {unknown}
 w - a potion of berserk rage {unknown}
 z - a potion of attraction {unknown}


   Skills:
 + Level 4.5 Fighting
 + Level 5.0 Axes
 + Level 0.2 Armour
 + Level 3.1 Dodging
 + Level 5.3 Stealth


You had one spell level left.
You knew the following spells:

 Your Spells              Type           Power      Damage    Failure   Level
a - Animate Skeleton      Necr           0%         N/A       38%         1
b - Vampiric Draining     Necr           0%         2d6       77%         3

Your spell library contained the following spells:

 Spells                   Type           Power      Damage    Failure   Level
 Pain                     Necr           0%         1d4       38%         1


Dungeon Overview and Level Annotations

Branches:
Dungeon (5/15)             Temple (1/1) D:4

Altars:
Ashenzari
Dithmenos
Elyvilon
Fedhas
Hepliaklqana
Kikubaaqudgha
Makhleb
Nemelex Xobeh
Okawaru
Qazlal
Trog
Uskayaw
Wu Jian
Xom
Yredelemnul
Zin
The Shining One

Annotations:
D:5 Prince Ribbit


Innate Abilities, Weirdness & Mutations

You have a pair of horns on your head.
You reflexively headbutt those who attack you in melee.


Message History

The jackal is severely wounded.
The jackal closely misses you. The jackal bites you.
You hit the jackal but do no damage. Your headbutt misses the jackal.
The jackal is severely wounded.
You hit the jackal. The jackal barely misses you. The jackal bites you. x2
You hit the jackal but do no damage. You hit the jackal.
You kill the jackal!
Yredelemnul accepts your kill. The jackal closely misses you.
The jackal bites you.
You closely miss the jackal. You miss the jackal. The jackal bites you.
The jackal completely misses you. You furiously retaliate!
You headbutt the jackal!
You kill the jackal!
Yredelemnul accepts your kill. The jackal completely misses you.
You slash the jackal!
You kill the jackal!
Yredelemnul accepts your kill.
You slash the jackal!
You kill the jackal!
Yredelemnul accepts your kill.
t - 2 scrolls labelled PUORU HINU (gained 1)
You start resting.
Qazlal causes a mighty clap of thunder!
Qazlal incites the elements against you!
A fire crab and an air elemental come into view.
There are monsters nearby!
You hear an angry growl.
You miss the air elemental. The air elemental closely misses you.
The air elemental hits you. x2
You closely miss the air elemental. The air elemental hits you. x2
The air elemental hits you!
* * * LOW HITPOINT WARNING * * *
There are monsters nearby!
You barely miss the air elemental. You slash the fire crab!
The air elemental hits you!
* * * LOW HITPOINT WARNING * * *
The air elemental hits you.
You die...
Your body rises from the dead as a mindless zombie.

#..# #... #..# ###
#.. #.# #.# #.# #
#t###.#.# ##+##
#@......# ##..^##
#E†....##
##.....###.###..#
##.......##.# .#
#.........#.##...##
+.........'.......#
#.........#.#....##
#.......##>#.#..#
##.....###.# # .#


You could see a fire crab and an air elemental.

Vanquished Creatures
  A human zombie (D:3)
  2 jellies (D:3)
  A bullfrog skeleton (D:5)
  7 adders
  4 worms
  2 dart slugs
  An orc (D:3)
  11 ball pythons
  6 bats
  12 endoplasms
  2 giant cockroaches (D:1)
  6 goblins
  9 hobgoblins
  6 jackals
  3 quokkas
  3 frilled lizards (D:1)
  9 kobolds
  6 rats
91 creatures vanquished.

Vanquished Creatures (others)
  A human (D:3)
  5 fungi (D:3)
  6 toadstools (D:3)
12 creatures vanquished.

Grand Total: 103 creatures vanquished

Notes
Turn   | Place    | Note
-------+----------+-------------------------------------------
     0 | D:5      | cbfl8 the Minotaur Delver began the quest for the Orb.
     0 | D:5      | Reached XP level 1. HP: 19/19 MP: 0/0
    23 | D:5      | Reached XP level 2. HP: 21/27 MP: 1/1
   234 | D:5      | Noticed Prince Ribbit
   267 | D:4      | Reached XP level 3. HP: 32/33 MP: 2/2
   915 | D:3      | Found an ancient bone altar of Kikubaaqudgha.
   921 | D:3      | Noticed a human
   922 | D:3      | Killed a human
   937 | D:3      | Reached skill level 5 in Stealth
   953 | D:3      | Reached XP level 4. HP: 36/40 MP: 3/3
  1563 | D:3      | Found a stormy altar of Qazlal.
  1585 | D:3      | Found a sparkling altar of Nemelex Xobeh.
  1660 | D:3      | Found a burning altar of Makhleb.
  2124 | D:3      | Reached XP level 5. HP: 26/47 MP: 4/4
  2566 | D:3      | Became a worshipper of Qazlal Stormbringer
  2614 | D:2      | Found a faded altar of an unknown god.
  2907 | D:1      | Learned a level 1 spell: Animate Skeleton
  2911 | D:1      | Learned a level 3 spell: Vampiric Draining
  2917 | D:1      | Reached * piety under Qazlal
  3014 | D:1      | You fall into a shaft and drop 1 floor!
  3601 | D:2      | Found a glowing silver altar of Zin.
  3854 | D:1      | Reached XP level 6. HP: 49/53 MP: 5/5
  4074 | D:2      | You fall into a shaft and drop 1 floor!
  4612 | D:4      | Noticed a steam dragon
  4661 | D:4      | Found a staircase to the Ecumenical Temple.
  4682 | Temple   | Entered the Ecumenical Temple
  4844 | Temple   | Fell from the grace of Qazlal
  4844 | Temple   | Became a worshipper of Yredelemnul the Dark
  4914 | D:5      | Reached skill level 5 in Axes
  4945 | D:5      | Noticed a fire crab
  4945 | D:5      | Noticed an air elemental
  4948 | D:5      | HP: 1/53 [air elemental[the adversity of Qazlal] (10)]
  4948 | D:5      | Slain by an air elemental

Illustrated notes

Levels and vault maps discovered:
D:1:      matt_arrival_spirals, layout_rooms, hangedman_decor_opposing,
          wander_ebering_terrifying_dragon_lair
D:2:      layout_rooms, basic_altar, hellmonk_ecumenical_altar_blasted,
          kennysheep_path_1, grunt_ministairs_9, minmay_cut_off
D:3:      cheibrodos_fertilizer, layout_loops_ring, tgw_kikubaaqudgha,
          mainiacjoe_overflow_boulevard, lemuel_crystal_altar,
          lemuel_crystal_altar, serial_co_window_serial, co_window_corner_a,
          co_window_corner_a, co_window_corner_a, co_window_corner_a,
          co_window_paths_a, co_window_paths_a, co_window_corner_a,
          co_window_paths_b, co_window_paths_b, co_window_unsneaky_path_c,
          co_window_broadway_a, co_window_corner_cb, co_window_4corner_a,
          glass_columns_a, glass_columns_c
D:4:      layout_rooms, temple_pool_b
D:5:      layout_loops_corners, uniq_prince_ribbit1
Temple:   regret_index_temple_generic_petals

Skill      XL: |  1  2  3  4  5  6 |
---------------+-------------------+-----
Fighting       | 4 |  4.5
Stealth        | 5 |  5.3
Axes           | 3 4 5 |  5.0
Dodging        | 3 |  3.1
Armour         | |  0.2

Action                   |  1- 3 |  4- 6 || total
-------------------------+-------+-------++-------
Melee: Hand axe          |    20 |       ||    20
       Headbutt          |     8 |     9 ||    17
       War axe           |    14 |   126 ||   140
Evoke: Wand              |     1 |     1 ||     2
  Use: Scroll            |       |     2 ||     2
 Stab: Sleeping          |     1 |     6 ||     7
Armor: Leather armour    |     1 |       ||     1
Dodge: Dodged            |    32 |   124 ||   156
Block: Other             |       |     5 ||     5
